 Dungeon Crawl Stone Soup version 0.30.0-5-g1a98f26d00 (webtiles) character file.

Game seed: 369219650076516696

727 hawla the Firebug (level 8, -6/57 HPs)
             Began as a Meteoran Fire Elementalist on May 10, 2023.
             Mangled by a gnoll sergeant
             ... wielding a +0 heavy spear
              (11 damage)
             ... on level 6 of the Dungeon.
             The game lasted 00:06:22 (1965 turns).

hawla the Firebug (Meteoran Fire Elementalist)      Turns: 1965, Time: 00:06:23

Health: -6/57      AC:  4    Str: 10    XL:     8   Next: 23%
Magic:  4/15       EV: 13    Int: 19    God:
Gold:   218        SH:  0    Dex: 14    Spells: 8/15 levels left

rFire   . . .        m - +1 dagger (venom)
rCold   . . .        (no shield)
rNeg    . . .        a - +2 robe
rPois   .            (no helmet)
rElec   .            (no cloak)
rCorr   .            (no gloves)
SInv    .            (no boots)
Will    +....        d - amulet of magic regeneration
Stlth   +            (no ring)
HPRegen 0.29/turn    (no ring)
MPRegen 0.54/turn

%: no passive effects
@: glowing
A: sense surroundings 1, otherworldly, glowing, explore regen
a: no special abilities


You were on level 6 of the Dungeon.
You visited 1 branch of the dungeon, and saw 6 of its levels.

You collected 218 gold pieces.

Inventory:

Hand Weapons
 l - the +4 dagger of Beclis {holy, rC- Will+ Str-5 Dex+9}
   (You found it on level 4 of the Dungeon)

   Str:       It affects your strength (-5).
   Dex:       It affects your dexterity (+9).
   rC:        It makes you vulnerable to cold.
   Will:      It increases your willpower.
 m - a +1 dagger of venom (weapon)
Armour
 a - a +2 robe (worn)
Jewellery
 d - an amulet of magic regeneration (around neck)
Potions
 b - a potion of magic
 e - a potion of brilliance {unknown}
 f - a potion of ambrosia {unknown}
 g - a potion of resistance {unknown}
 h - a potion of heal wounds {unknown}
 i - a potion of mutation {unknown}
 k - a potion of haste {unknown}
 n - a potion of might {unknown}
 o - a potion of degeneration {unknown}


   Skills:
 + Level 5.6 Short Blades
 - Level 3.2 Dodging
 - Level 1.4 Stealth
 - Level 4.2 Spellcasting
 - Level 4.7 Conjurations
 - Level 5.6 Fire Magic


You had 8 spell levels left.
You knew the following spells:

 Your Spells              Type           Power      Damage    Failure   Level
a - Foxfire               Conj/Fire      92%        2x1d8     1%          1
b - Scorch                Fire           50%        2d7       1%          2
c - Flame Wave            Conj/Fire      23%        2d8       16%         4

Your spell library contained the following spells:

 Spells                   Type           Power      Damage    Failure   Level
 Inner Flame              Hex/Fire       14%        N/A       13%         3
 Volatile Blastmotes      Fire/Tloc      28%        2d12      13%         3
 Portal Projectile        Hex/Tloc       8%         N/A       38%         3
 Tukima's Dance           Hex            4%         N/A       38%         3
 Blade Hands              Tmut           2%         N/A       98%         5


Dungeon Overview and Level Annotations

Branches:
Dungeon (6/15) Zot: 1636
 Temple: D:4-7

Altars:
Ashenzari
Dithmenos
Fedhas
Hepliaklqana
Kikubaaqudgha
Ru
Uskayaw


Innate Abilities, Weirdness & Mutations

You passively map a small area around you.
You are easily found by Zot.
You glow in the dark.
You regain HP and MP as you explore.


Message History

The orc warrior hits you with a +0 halberd.
A wave of flame ripples out!
The flame wave engulfs the orc warrior!
The orc warrior is severely wounded.
The flame wave engulfs the gnoll sergeant but does no damage.
A gnoll comes into view. It is wielding a +0 spear.
The gnoll sergeant hits you from afar with a +0 heavy spear!
The orc warrior hits you with a +0 halberd!
Unknown command.
A wave of flame ripples out!
The flame wave engulfs the orc warrior.
The orc warrior is almost dead.
The flame wave engulfs the gnoll sergeant!
The gnoll sergeant is moderately wounded.
The flame wave engulfs the gnoll!
The gnoll is severely wounded.
The flame wave engulfs the gnoll!
You kill the gnoll!
You finish channelling waves of flame.
The gnoll hits you from afar with a +0 spear.
The orc warrior hits you with a +0 halberd!
* * * LOW HITPOINT WARNING * * *
Your Short Blades skill increases to level 5!
Casting: Flame Wave (dangerous; 16% risk of failure)
Confirm with . or Enter, or press ? or * to list all spells.
Casting: Flame Wave (dangerous; 16% risk of failure)
Press: ? - help, Dir - look around, f - activate A wave of flame ripples out!
The flame wave engulfs the orc warrior!
You kill the orc warrior! (Press . to intensify the flame waves.)
The gnoll sergeant hits you from afar with a +0 heavy spear.
* * * LOW HITPOINT WARNING * * *
A gnoll comes into view. It is wielding a +0 whip.
The gnoll hits you from afar with a +0 spear.
* * * LOW HITPOINT WARNING * * *
A wave of flame ripples out!
The flame wave engulfs the gnoll sergeant.
The gnoll sergeant is heavily wounded.
The flame wave engulfs the gnoll!
You kill the gnoll!
The gnoll sergeant hits you from afar with a +0 heavy spear!
You die...

, #.... #+ #.#. * *
#. #... + ##.##..
### ,,, * #.
#...... , ..g., , ,
#.##....)###)g###
.......>.....g.....
...........@)g.....
.....#...#.##.#.###
* ....#...#.# # * *
** #..#...#.##.#..
,
###...............
.....#........#...
* #..#.†####..#. ,
* #..............
*#...........#..


You could see a gnoll sergeant and 3 gnolls.

Vanquished Creatures
  2 ice beasts
  A black bear (D:4)
  An orc warrior (D:6)
  A bullfrog (D:4)
  A jelly (D:5)
  A hound (D:4)
  2 iguanas
  8 gnolls
  7 adders
  2 white imps (D:6)
  A worm (D:4)
  A dart slug (D:4)
  2 orcs (D:6)
  3 endoplasms
  A giant cockroach (D:4)
  2 goblins
  A hobgoblin (D:2)
  4 ball pythons
  2 frilled lizards
  4 kobolds
  A rat (D:2)
48 creatures vanquished.

Vanquished Creatures (others)
  112 foxfires
112 creatures vanquished.

Grand Total: 160 creatures vanquished

Notes
Turn   | Place    | Note
-------+----------+-------------------------------------------
     0 | D:1      | hawla the Meteoran Fire Elementalist began the quest for
                  | the Orb.
     0 | D:1      | Reached XP level 1. HP: 14/14 MP: 5/5
    53 | D:2      | Reached XP level 2. HP: 16/20 MP: 0/6
    70 | D:2      | Learned a level 2 spell: Scorch
   256 | D:2      | Reached XP level 3. HP: 26/26 MP: 6/8
   373 | D:4      | Reached XP level 4. HP: 20/33 MP: 1/10
   374 | D:4      | Found a blossoming altar of Fedhas.
   383 | D:4      | Learned a level 4 spell: Flame Wave
   403 | D:4      | Found a hazy altar of Hepliaklqana.
   440 | D:4      | Noticed a black bear
   443 | D:4      | Killed a black bear
   444 | D:4      | Reached XP level 5. HP: 38/38 MP: 5/11
   484 | D:4      | Found a sacrificial altar of Ru.
   489 | D:4      | Reached XP level 6. HP: 45/45 MP: 9/12
   603 | D:4      | Reached skill level 5 in Fire Magic
   877 | D:4      | Identified the +4 dagger of Beclis {holy, rC- Will+ Str-5
                  | Dex+9}
  1246 | D:5      | Entered Level 5 of the Dungeon
  1256 | D:5      | Reached skill level 1 in Short Blades
  1256 | D:5      | Reached XP level 7. HP: 50/50 MP: 10/14
  1428 | D:5      | Found a broken altar of Ashenzari.
  1781 | D:5      | Found a shadowy altar of Dithmenos.
  1781 | D:5      | Found a hide-covered altar of Uskayaw.
  1782 | D:5      | Found an ancient bone altar of Kikubaaqudgha.
  1907 | D:6      | Reached XP level 8. HP: 48/57 MP: 10/15
  1964 | D:6      | Reached skill level 5 in Short Blades
  1965 | D:6      | Mangled by a gnoll sergeant

Illustrated notes

Levels and vault maps discovered:
D:1:      minmay_arrival_four_houses, layout_basic
D:2:      layout_loops_ring, grunt_ministairs_2, kennysheep_minor_cross
D:3:      layout_basic, slow_altar_1, cheibrodos_sewer_entry_bend,
          columned_hall_lemuel, st_stairs_10, serial_bayou_pond_c,
          grunt_ministairs_5
D:4:      layout_cave_pods, nicolae_ru_awakened_eye,
          nicolae_overflow_crystal_walls, nicolae_overflow_hidden_temple
D:5:      layout_loops_ring, old_standard_altar, gammafunk_temple_overflow_claw
D:6:      layout_basic, minmay_temple_entry_proselytizer

Skill      XL: |  1  2  3  4  5  6  7  8 |
---------------+-------------------------+-----
Spellcasting   | 3 4 |  4.2
Fire Magic     | 4 5 |  5.6
Conjurations   | 4 |  4.7
Dodging        | 3 |  3.2
Short Blades   | 1 4 5 |  5.6
Stealth        | |  1.4

Action                     |  1- 3 |  4- 6 |  7- 9 || total
---------------------------+-------+-------+-------++-------
  Melee: Unarmed           |     2 |     1 |       ||     3
         Dagger            |       |       |     1 ||     1
   Cast: Foxfire           |    17 |    28 |    22 ||    67
         Scorch            |     4 |    12 |    12 ||    28
         Flame Wave        |       |     1 |     3 ||     4
    Use: Scroll            |       |     3 |     2 ||     5
 Armour: Robe              |     2 |     1 |       ||     3
  Dodge: Dodged            |     3 |     2 |     3 ||     8
